 Dungeon Crawl Stone Soup version 0.23.0 (webtiles) character file.

Game seed: 17906134713985632805

450 Faca the Skirmisher (level 6, 0/57 HPs)
             Began as a Centaur Hunter on Feb 15, 2019.
             Slain by a gnoll
             ... wielding a +0 spear
              (7 damage)
             ... on level 4 of the Dungeon.
             The game lasted 00:10:09 (4136 turns).

Faca the Skirmisher (Centaur Hunter)                Turns: 4136, Time: 00:10:09

Health: 0/57       AC:  6    Str: 16    XL:     6   Next: 74%
Magic:  6/6        EV:  8    Int: 10    God:
Gold:   164        SH:  0    Dex: 10    Spells: 5/5 levels left

rFire    . . .     SeeInvis .   r - +0 spear
rCold    . . .     Gourm    .   (no shield)
rNeg     . . .     Faith    .   e - +0 ring mail
rPois    .         Spirit   .   n - +0 helmet
rElec    .         Reflect  .   (no cloak)
rCorr    .         Harm     .   (no gloves)
MR       .....                  (no barding)
Stlth    ..........             (no amulet)
HPRegen  0.19/turn              (no ring)
MPRegen  0.10/turn              (no ring)

@: very quick
A: large, hooves 3, deformed body, speed 2, tough skin 3
a: no special abilities


You were on level 4 of the Dungeon.
You were not hungry.

You visited 1 branch of the dungeon, and saw 4 of its levels.

You collected 164 gold pieces.

Inventory:

Hand Weapons
 a - a +1 shortbow
 m - a +0 glaive
 r - a +0 spear (weapon)
Missiles
 d - 74 arrows
 o - a throwing net (quivered)
Armour
 e - a +0 ring mail (worn)
 n - a +0 helmet (worn)
Jewellery
 s - the ring "Yntuepp" {Str+2 Dex+4, unknown}
   (You found it on level 4 of the Dungeon)

   [ring of dexterity]

   It affects your strength (+2).
   It affects your dexterity (+4).
Scrolls
 c - a scroll of fear {unknown}
 i - 4 scrolls of remove curse {unknown}
 j - a scroll of blinking {unknown}
 l - 3 scrolls of identify {unknown}
 q - a scroll of enchant armour {unknown}
Potions
 g - a potion of agility {unknown}
 h - a potion of haste {unknown}
 k - 3 potions of curing
 p - a potion of brilliance {unknown}
Comestibles
 b - 4 chunks of flesh
 f - 9 rations


   Skills:
 - Level 6.1 Fighting
 + Level 3.4 Polearms
 - Level 5.3 Bows
 - Level 1.3 Dodging
 - Level 0.4 Stealth


You had 5 spell levels left.
You didn't know any spells.
Your spell library was empty.

Dungeon Overview and Level Annotations

Branches:
Dungeon (4/15)
 Temple: D:4-7

Altars:
Nemelex Xobeh


Innate Abilities, Weirdness & Mutations

You have hooves in place of feet.
Armour fits poorly on your strangely shaped body.
You cover ground very quickly.
You have extremely tough skin. (AC +3)


Message History

Found a smoking lead ring.
The gnoll hits you from afar with a +0 spear!
* * * LOW HITPOINT WARNING * * *
You are confused.
The gnoll hits you but does no damage. The gnoll hits you with a +0 spear.
* * * LOW HITPOINT WARNING * * *
You're too confused to move!
The gnoll hits you but does no damage.
You see here a smoking lead ring.
It was a potion of curing.
You feel better.
The gnoll hits you from afar with a +0 spear.
* * * LOW HITPOINT WARNING * * *
Unknown command.
s - a smoking lead ring The gnoll hits you from afar with a +0 spear.
* * * LOW HITPOINT WARNING * * *
An orc wizard appears from thin air!
Reactivating autopickup.
The gnoll hits you from afar with a +0 spear!
You die...

#....o.###...#
##..g..##...#
#...#.#...##
######og...##
#..o...##
##..o...##
#.......#
#...go..#
#.....@.#
#......##
##.###.# #.#
### ####### #.
#....<#
#...........#
#...g.g.....#
#.....g.....#


You could see an orc wizard, 2 gnolls and 3 orcs.

Vanquished Creatures
  Edmund (D:3)
  An ogre (D:3)
  An orc priest (D:3)
  An orc wizard (D:3)
  Terence (D:3)
  A worker ant (D:3)
  Robin (D:1)
  A gnoll (D:3)
  3 adders
  2 worms (D:2)
  2 dart slugs (D:1)
  2 leopard geckos
  5 orcs
  7 bats
  3 giant cockroaches
  15 goblins
  5 hobgoblins
  4 jackals
  5 frilled lizards
  7 kobolds
  3 rats
71 creatures vanquished.

Notes
Turn   | Place    | Note
-------+----------+-------------------------------------------
     0 | D:1      | Faca the Centaur Hunter began the quest for the Orb.
     0 | D:1      | Reached XP level 1. HP: 17/17 MP: 1/1
   340 | D:1      | Reached XP level 2. HP: 21/25 MP: 2/2
   371 | D:1      | Reached skill level 3 in Fighting
  1072 | D:2      | Reached XP level 3. HP: 21/31 MP: 3/3
  1290 | D:2      | Noticed Robin
  1365 | D:1      | Killed Robin
  1365 | D:1      | Reached skill level 4 in Fighting
  1700 | D:2      | Reached XP level 4. HP: 39/41 MP: 4/4
  1725 | D:2      | Found a sparkling altar of Nemelex Xobeh.
  2002 | D:2      | You fall through a shaft!
  2248 | D:3      | Noticed Terence
  2259 | D:3      | Killed Terence
  2259 | D:3      | Reached skill level 5 in Fighting
  2606 | D:3      | Reached XP level 5. HP: 48/48 MP: 5/5
  2914 | D:3      | Reached skill level 1 in Polearms
  3422 | D:4      | Noticed Edmund
  3506 | D:3      | Killed Edmund
  3506 | D:3      | Reached skill level 6 in Fighting
  3506 | D:3      | Reached XP level 6. HP: 38/57 MP: 6/6
  4130 | D:4      | HP: 2/57 [gnoll/+0 spear (2)]
  4135 | D:4      | Got a smoking lead ring
  4136 | D:4      | Slain by a gnoll

Skill      XL: |  1  2  3  4  5  6 |
---------------+-------------------+-----
Fighting       | 3 4 5 6 |  6.1
Polearms       | 2 3 |  3.4
Bows           | |  5.3
Dodging        | |  1.3
Stealth        | |  0.4

Action                   |  1- 3 |  4- 6 || total
-------------------------+-------+-------++-------
Melee: Short sword       |   158 |    61 ||   219
       Kick              |    27 |    39 ||    66
       Glaive            |       |    32 ||    32
       Spear             |       |    88 ||    88
 Fire: Shortbow          |       |     4 ||     4
  Use: Potion            |       |     1 ||     1
  Eat: Chunk             |     2 |     7 ||     9
Armor: Ring mail         |    85 |    73 ||   158
       Leather armour    |     1 |       ||     1
Dodge: Dodged            |    87 |    55 ||   142
